[Event "GER-chT Youth Countries 2018"]
[Site "Wurzburg"]
[Date "2018.10.04"]
[Round "3"]
[White "Steffens, Oliver"]
[Black "Gressmann, Moritz"]
[Result "1/2-1/2"]
[ECO "B06"]
[WhiteElo "1960"]
[BlackElo "2106"]
[Annotator "NA"]
[PlyCount "162"]
[EventDate "2018.10.03"]
[EventType "team-tourn"]
[EventCountry "GER"]
[SourceTitle "playchess.com"]
[Source "ChessBase"]
[SourceQuality "1"]
[TimeControl "40/5400+30:1800+30"]

1. e4 g6 2. d4 Bg7 3. Nc3 d6 4. f4 a6 5. a4 b6 {[%emt 0:02:27] B06: Modern Defence} 6. Nf3 Bb7 7. Bc4 Nd7 (7... e6 8. d5 exd5 9. Bxd5 Bxd5 10. Qxd5 Ra7 11. O-O Nf6 12. Qc4 O-O 13. e5 {1-0 (44) Iskandarov,M (2486)-Lomsadze,D (2352) Kesan 2018}) 8. O-O c6 $146 ({Predecessor:} 8... e6 9. Qe1 Ne7 10. f5 exf5 11. exf5 O-O 12. fxg6 Nxg6 {0-1 (54) Vazelaki,S (1600)-Malikentzou,N (1260) Greece 2007}) 9. f5 d5 10. exd5 cxd5 11. fxg6 hxg6 12. Nxd5 e6 13. Qe2 Rc8 14. Bg5 Ndf6 15. Nxf6+ Bxf6 16. Bxf6 Nxf6 17. c3 Bxf3 18. Rxf3 Qc7 19. h3 Qxc4 20. Qe5 O-O 21. Qxf6 Qd5 22. Raf1 Rc7 23. Rf4 Qd8 24. Qe5 Rd7 25. c4 Qc7 26. Qg5 Qd8 27. Qe5 Qc7 28. Qxc7 Rxc7 29. b3 Rd8 30. Kf2 e5 $2 ({Black should try} 30... b5 $14) 31. dxe5 Rd2+ 32. Kg3 Re2 33. Rf6 b5 34. axb5 axb5 35. cxb5 Rxe5 {[%emt 0:00:12] [#]} 36. b6 $1 Rb7 37. R1f3 Kg7 (37... Rb5 $142) 38. Rc6 Re6 39. Rfc3 Rxb6 40. Rxb6 Rxb6 41. Kf4 Kf6 42. Ke4 Ke6 43. Kd4 Kd6 $11 44. Kc4 Rc6+ 45. Kd4 (45. Kb4 $16 Ra6 46. Rf3) 45... Ra6 46. Rf3 Ra2 {[%emt 0:00:00] [#]} 47. g4 $1 Rh2 $2 (47... Ke6 $16 48. b4 f5 49. gxf5+ gxf5) 48. Rc3 $2 (48. Rxf7 $18 Rxh3 49. b4) 48... f5 49. gxf5 gxf5 50. Rd3 Rh1 51. b4 Rb1 52. Kc4+ $14 Kc6 53. Rd4 Rc1+ 54. Kd3 Re1 55. h4 Re8 56. Kc4 Re1 57. Rf4 Rh1 58. Kd3 Rh3+ 59. Ke2 Kd5 60. Rxf5+ Ke4 61. Rc5 Rh2+ 62. Kf1 Kf3 63. Rc3+ Kg4 64. Kg1 Rb2 65. Rc4+ Kg3 66. Kf1 Kf3 67. Ke1 Ke3 68. Rc3+ Kd4 69. Rg3 Rh2 70. Rg4+ Ke3 71. Rg3+ Kf4 72. Rb3 Rxh4 73. Kd2 Ke5 74. Kc2 Kd5 75. Kb2 Kc6 76. Ka3 Kb5 77. Rg3 Rh5 78. Kb3 Rf5 79. Kc3 Rh5 80. Kb3 Rf5 81. Kc3 Rh5 1/2-1/2

[Event "GER-chT Youth Countries 2018"]
[Site "Wurzburg"]
[Date "2018.10.04"]
[Round "3"]
[White "Ley, Sabrina"]
[Black "Ratay, Meike"]
[Result "0-1"]
[ECO "E32"]
[WhiteElo "1902"]
[BlackElo "1887"]
[Annotator "NA RC"]
[PlyCount "52"]
[EventDate "2018.10.03"]
[EventType "team-tourn"]
[EventCountry "GER"]
[SourceTitle "playchess.com"]
[Source "ChessBase"]
[SourceQuality "1"]
[TimeControl "40/5400+30:1800+30"]

1. d4 Nf6 2. c4 e6 3. Nc3 Bb4 4. Qc2 O-O 5. a3 Bxc3+ 6. Qxc3 d5 7. Bg5 dxc4 {[%emt 0:15:58] E36: Nimzo-Indian: Classical: 4...d5 5 a3} 8. e3 (8. Qxc4 b6 9. Rd1 Ba6 10. Qa4 h6 11. Bh4 Qe7 12. Nf3 Rd8 13. e3 Bxf1 14. Rxf1 c5 15. dxc5 Rxd1+ 16. Qxd1 bxc5 {1-0 (43) Mamedyarov,S (2801)-Caruana,F (2822) Saint Louis 2018}) 8... b5 9. a4 c6 10. Be2 Bb7 11. Bf3 a6 $146 ({Predecessor:} 11... Qe7 12. Ne2 a6 13. O-O Nbd7 14. e4 h6 15. Bh4 {0-1 (39) Paunovic,T (2355)-Bortnyk,O (2170) ICC INT 2009}) 12. Ne2 Nbd7 13. O-O h6 14. Bh4 g5 15. Bg3 g4 16. Bxg4 Nxg4 17. e4 c5 18. Bd6 Re8 19. Qh3 Qg5 20. Ra3 Bxe4 21. Rg3 f5 $2 ({Black should try} 21... Ndf6 $19 22. Be5 Bf5 23. Bxf6 Qxf6) 22. Bf4 Qf6 23. f3 Bd3 (23... Kh7 $1 $11 24. fxg4 fxg4 25. Qxg4 Rf8) 24. Re1 $19 (24. fxg4 $16 Bxe2 25. gxf5+ Kf7 26. fxe6+ Rxe6 27. Rf2) 24... Bxe2 25. Rxe2 Qxd4+ 26. Rf2 Qxf2+ 0-1

[Event "GER-chT Youth Countries 2018"]
[Site "Wurzburg"]
[Date "2018.10.04"]
[Round "3"]
[White "von Krosigk, Florian"]
[Black "Arnhold, Steffi"]
[Result "1/2-1/2"]
[ECO "B41"]
[WhiteElo "1897"]
[BlackElo "1955"]
[Annotator "NA RC"]
[PlyCount "81"]
[EventDate "2018.10.03"]
[EventType "team-tourn"]
[EventCountry "GER"]
[SourceTitle "playchess.com"]
[Source "ChessBase"]
[SourceQuality "1"]
[TimeControl "40/5400+30:1800+30"]

1. e4 c5 2. Nf3 e6 3. d4 cxd4 4. Nxd4 a6 5. c4 Nf6 6. Nc3 Qc7 7. Be3 Be7 8. Be2 d6 9. O-O Nbd7 10. Rc1 b6 11. f3 O-O 12. Qd2 Bb7 13. Rfd1 Rac8 14. Bf1 Rfe8 15. Qf2 Qb8 16. b3 Bd8 17. g3 {[%emt 0:12:26] A31: Symmetrical English: 2 Nf3 Nf6 3 d4} (17. Kh1 Bc7 18. Qh4 Ne5 19. Bg1 Ng6 20. Qf2 h5 21. Nc2 d5 22. exd5 exd5 23. Nxd5 Nxd5 24. cxd5 Bf4 {1-0 (68) Dervishi,E (2552)-Shchekachev,A (2534) Paris 2017}) 17... Bc7 18. Nde2 Ba8 19. Nf4 Ne5 $146 ({Predecessor:} 19... Bb7 20. Rc2 Re7 21. Rcd2 Bc6 {1-0 (73) Chua,Z (2139)-Nguyen,Q (2119) Singapore 2008}) 20. Na4 b5 21. cxb5 axb5 22. Nc3 Nfg4 23. fxg4 Nxg4 24. Qf3 Nxe3 25. Rd3 Nxf1 26. Rxf1 Bb6+ 27. Kg2 b4 28. Nh5 f5 29. Nd5 exd5 30. Qxf5 Qc7 31. Rdf3 dxe4 32. Rf4 e3+ 33. Kh3 Qe7 34. Rg4 g6 35. Rxg6+ {[%emt 0:00:31] [#]} hxg6 $11 ({Black should play} 35... Kh8 $1 $19 36. Rh6 Be4 37. Qf6+ Qxf6 38. Rhxf6 Bd4 39. Rxd6 e2) 36. Qxg6+ Kh8 37. Qh6+ $1 Qh7 38. Qf6+ Kg8 39. Qg5+ Kh8 40. Qf6+ Kg8 41. Qg5+ 1/2-1/2

[Event "GER-chT Youth Countries 2018"]
[Site "Wurzburg"]
[Date "2018.10.04"]
[Round "3"]
[White "Riegel, Arinna"]
[Black "Zeuner, Ole"]
[Result "1-0"]
[ECO "A06"]
[WhiteElo "1881"]
[BlackElo "1865"]
[Annotator "NA RC"]
[PlyCount "63"]
[EventDate "2018.10.03"]
[EventType "team-tourn"]
[EventCountry "GER"]
[SourceTitle "playchess.com"]
[Source "ChessBase"]
[SourceQuality "1"]
[TimeControl "40/5400+30:1800+30"]

1. Nf3 d5 2. g3 g6 3. Bg2 Bg7 4. d4 Nd7 {[%emt 0:00:50] D02: 1 d4 d5 2 Nf3 sidelines, including 2...Nf6 3 g3 and 2...Nf6 3 Bf4} (4... Nf6 5. O-O O-O 6. c4 dxc4 7. Na3 c5 8. Nxc4 Be6 9. Nce5 cxd4 10. Qxd4 Qxd4 11. Nxd4 Bd5 12. Rd1 Bxg2 13. Kxg2 Rd8 14. Bf4 Nd5 15. Ndf3 Na6 16. Bd2 {½-½ (35) Nakamura,H (2777)-Caruana,F (2822) Saint Louis 2018}) 5. O-O Ngf6 6. Re1 c5 $146 ({Predecessor:} 6... O-O 7. Nbd2 c5 8. e3 Qb6 9. c3 Re8 10. e4 Nxe4 11. Nxe4 dxe4 12. Rxe4 Nf6 13. dxc5 Qxc5 {0-1 (42) Haecker,R (1764)-Glaser,R (1827) Moembris 2003}) 7. c4 O-O 8. cxd5 Nxd5 9. e4 Nb4 10. a3 Nc6 11. d5 Nd4 12. Nbd2 Qb6 13. Rb1 e6 14. Nxd4 cxd4 15. Qb3 exd5 16. Qxd5 Ne5 17. Nc4 Nxc4 18. Qxc4 Be6 19. Qd3 Rac8 20. Bf4 Bc4 21. Qd2 Qb3 22. Bh3 Be6 23. Bxe6 fxe6 24. e5 Rfd8 25. Rbc1 d3 (25... Qd5 $11) 26. Bg5 Re8 27. Rcd1 Rc2 28. Qxd3 Qxb2 29. Rd2 (29. Qd7 $16 Rf8 30. Qxe6+ Kh8 31. Rb1 Qxa3 32. Be3) 29... Rxd2 30. Bxd2 Bxe5 31. Qd7 Kf8 $18 (31... Rf8 $16) 32. Bb4+ 1-0

[Event "GER-chT Youth Countries 2018"]
[Site "Wurzburg"]
[Date "2018.10.04"]
[Round "3"]
[White "Bui, Ngoc Han Julia"]
[Black "Genov, Valentin"]
[Result "1-0"]
[ECO "B77"]
[WhiteElo "1876"]
[BlackElo "1756"]
[Annotator "NA RC"]
[PlyCount "65"]
[EventDate "2018.10.03"]
[EventType "team-tourn"]
[EventCountry "GER"]
[SourceTitle "playchess.com"]
[Source "ChessBase"]
[SourceQuality "1"]
[TimeControl "40/5400+30:1800+30"]

1. e4 c5 2. Nf3 d6 3. d4 cxd4 4. Nxd4 Nf6 5. Nc3 g6 6. Be3 Bg7 7. f3 Nc6 8. Bc4 O-O 9. Qd2 Bd7 10. h4 h5 11. O-O-O Qa5 12. Kb1 Rfc8 13. Bb3 Ne5 14. Bh6 {[%emt 0:12:36] B79: Sicilian Dragon: Yugoslav Attack, 9 Bc4 Bd7 10 0-0-0 Qa5} (14. Bg5 Kf8 15. f4 Neg4 16. Rhe1 Rc5 17. f5 gxf5 18. Nxf5 Bxf5 19. exf5 Re8 20. Nd5 {½-½ (20) Karjakin,S (2769)-Van Wely,L (2640) Wijk aan Zee 2016}) 14... Bxh6 15. Qxh6 Rxc3 16. bxc3 Rc8 17. Qd2 Nc4 18. Bxc4 Rxc4 19. Nb3 Qc7 20. Qc1 $146 ({Predecessor:} 20. g4 Bxg4 21. e5 dxe5 22. fxg4 Kg7 23. Qd8 Nxg4 24. Qxc7 Rxc7 {0-1 (54) Antognazza,B-Izquierdo,D (2285) San Jose 1989}) 20... a5 21. Rd4 Rxc3 22. Rd3 Rc6 23. Nd4 Rc4 24. Rhd1 a4 25. c3 b5 26. a3 d5 27. exd5 Nxd5 {[%emt 0:01:01] [#]} 28. Nxb5 $1 Bxb5 29. Rxd5 Rxc3 30. Qb2 Be8 31. Rd8 Kf8 32. R1d3 Rc6 33. Qh8# 1-0

[Event "GER-chT Youth Countries 2018"]
[Site "Wurzburg"]
[Date "2018.10.04"]
[Round "3"]
[White "Browning, Rebecca"]
[Black "Hommer, Jeremy"]
[Result "1/2-1/2"]
[ECO "C01"]
[WhiteElo "1873"]
[BlackElo "1983"]
[Annotator "NA RC"]
[PlyCount "91"]
[EventDate "2018.10.03"]
[EventType "team-tourn"]
[EventCountry "GER"]
[SourceTitle "playchess.com"]
[Source "ChessBase"]
[SourceQuality "1"]
[TimeControl "40/5400+30:1800+30"]

1. e4 e6 2. d4 d5 3. exd5 exd5 4. Bd3 Bd6 5. c3 Ne7 6. Bg5 {[%emt 0:02:00] C01: Französische Verteidigung (Abtauschvariante)} (6. Ne2 O-O 7. O-O Bf5 8. Bf4 c6 9. Bxd6 Qxd6 10. Bxf5 Nxf5 {½-½ (10) Drazic,S (2426)-Petakov,U (2326) Novi Sad 2017}) 6... O-O 7. Ne2 f6 8. Bh4 Bf5 9. Bg3 c6 10. Bxd6 $146 ({Vorgänger:} 10. Bxf5 Nxf5 11. Qd3 Ne7 12. Nd2 f5 13. f4 Nd7 14. Nf3 {½-½ (38) Brunner,T (1882)-Riegler,M (1606) Willingen 2018}) 10... Qxd6 11. Na3 Re8 12. Nc2 Nd7 13. Ne3 Bxd3 14. Qxd3 Nf8 15. O-O Nfg6 16. g3 Qd7 17. Kg2 Nc8 18. Rae1 Nd6 19. h4 Re7 20. h5 Nf8 21. f3 Qe8 22. Nf4 Nc4 23. Kf2 Nxe3 24. Rxe3 Rxe3 25. Qxe3 Qxe3+ 26. Kxe3 Re8+ 27. Kf2 Kf7 28. g4 b6 29. Rg1 Nd7 30. g5 fxg5 31. Rxg5 Kf6 32. Rg4 Rf8 33. Rg1 Re8 34. Rg2 Re7 35. b4 Kf5 36. Nh3 Nf6 37. Rg5+ Ke6 38. Nf4+ Kd6 39. Rf5 Rf7 40. Nd3 Ke6 41. Re5+ Kd6 42. Rf5 Rf8 43. Nf4 Rf7 44. Nd3 Rf8 45. Nf4 Rf7 $14 46. Nd3 {[%emt 0:00:00] Ke5} 1/2-1/2

[Event "GER-chT Youth Countries 2018"]
[Site "Wurzburg"]
[Date "2018.10.04"]
[Round "3"]
[White "Hetzner, Hannes"]
[Black "Wu, Leon"]
[Result "1/2-1/2"]
[ECO "B94"]
[WhiteElo "1855"]
[BlackElo "2009"]
[Annotator "NA"]
[PlyCount "139"]
[EventDate "2018.10.03"]
[EventType "team-tourn"]
[EventCountry "GER"]
[SourceTitle "playchess.com"]
[Source "ChessBase"]
[SourceQuality "1"]
[TimeControl "40/5400+30:1800+30"]

1. e4 c5 2. Nf3 d6 3. d4 cxd4 4. Nxd4 Nf6 5. Nc3 a6 6. Bg5 Nbd7 7. Qe2 {[%emt 0:00:21] B94: Sicilian Najdorf: 6 Bg5 Nbd7} Qc7 (7... h6 8. Bh4 g6 9. f4 Qc7 10. O-O-O Bg7 11. g4 e5 12. fxe5 Nxe5 13. h3 Be6 14. Qf2 Nfd7 {½-½ (26) Carlsen,M (2842)-Svidler,P (2753) Biel 2018}) 8. f4 b5 9. O-O-O Bb7 10. g4 g6 $146 ({Predecessor:} 10... b4 11. Nd5 Nxd5 12. exd5 Bxd5 13. Nf5 Nb6 14. Bg2 Bc4 15. Nxd6+ Qxd6 16. Rxd6 Bxe2 {1-0 (25) Kanarek,M (2505)-Samborski,H (2078) Katowice 2017}) 11. Bg2 O-O-O 12. Nd5 Nxd5 13. exd5 Re8 14. Rd3 Nc5 15. Rc3 Bg7 16. Rd1 b4 17. Rc4 a5 18. c3 bxc3 19. Rxc3 Ba6 20. Qc2 e6 21. dxe6 fxe6 22. f5 $2 (22. a3 $18) 22... exf5 23. gxf5 Bxd4 $1 24. Rxd4 Re2 25. Rd2 Re1+ 26. Rd1 Re2 27. Rd2 Bd3 28. Qd1 Rxd2 29. Qxd2 (29. Bxd2 $16 Bxf5 30. Qe2) 29... gxf5 {[%emt 0:00:26] [#]} 30. Be3 $1 Be4 31. Bxe4 fxe4 32. Bxc5 dxc5 33. Qe3 Kb8 $2 (33... c4 34. Qxe4 Kb8) 34. Rxc5 Qb6 35. Qf4+ (35. Kb1 $142) 35... Ka7 36. Rc7+ Ka8 37. Qxe4+ Kb8 38. Rc3 Ka7 39. Qe7+ Ka8 40. Qe4+ Ka7 41. Qe3 Qxe3+ 42. Rxe3 h5 (42... Kb6 $16 {is a better defense.} 43. Re6+ Kb5 44. Re5+ Kb6) 43. Re6 $2 (43. h4 $18 {and White stays clearly on top.}) 43... Rg8 $2 (43... Rc8+ $16 44. Kd2 Rc4) 44. Kd2 Rg2+ 45. Re2 Rg5 46. Ke3 Kb6 (46... h4 $14) 47. Kf4 Rg4+ 48. Kf3 Ra4 49. a3 $16 Rh4 50. Kg3 Rg4+ 51. Kh3 Rg5 52. Kh4 Rf5 53. h3 Kb5 54. Re4 Rd5 55. b4 a4 56. Re3 Kc4 57. Rg3 Re5 58. Rf3 Rd5 59. Kg3 Re5 60. Kf4 Rb5 61. Rg3 Rd5 62. Re3 Rd6 63. Kg5 Rd5+ 64. Kg6 h4 65. Kf6 Rh5 66. Re5 Rh6+ 67. Kg5 Rh8 68. b5 Kb3 69. Re3+ Ka2 70. b6 1/2-1/2

[Event "GER-chT Youth Countries 2018"]
[Site "Wurzburg"]
[Date "2018.10.04"]
[Round "3"]
[White "Bashylina, Luisa"]
[Black "Roncea, Andrea-Alexandra"]
[Result "1-0"]
[ECO "C68"]
[WhiteElo "1837"]
[BlackElo "1515"]
[Annotator "NA RC"]
[PlyCount "119"]
[EventDate "2018.10.03"]
[EventType "team-tourn"]
[EventCountry "GER"]
[SourceTitle "playchess.com"]
[Source "ChessBase"]
[SourceQuality "1"]
[TimeControl "40/5400+30:1800+30"]

1. e4 e5 2. Nf3 Nc6 3. Bb5 a6 4. Bxc6 dxc6 5. O-O Bg4 6. h3 Bh5 7. d3 Bd6 8. Be3 {[%emt 0:00:44] C68: Ruy Lopez: Exchange Variation, sidelines} (8. Nbd2 Ne7 9. Nc4 f6 10. Be3 c5 11. c3 Nc6 12. Qb3 b6 13. Ncd2 Bf7 14. Qc2 Be6 15. d4 cxd4 16. cxd4 Nxd4 17. Bxd4 exd4 18. Nxd4 {½-½ (45) Kovacevic,A (2563)-Szabo,K (2548) Zadar 2011}) 8... Qf6 9. Nbd2 c5 10. c3 Ne7 11. Qb3 b6 $146 ({Predecessor:} 11... O-O 12. Bg5 Qe6 13. Qxe6 fxe6 14. g4 Be8 15. Nxe5 h6 16. Bxe7 Bxe7 {½-½ (30) Bayarri Bosch,E-Medina Garcia,A Las Palmas 1964}) 12. Rfe1 Bxf3 13. Nxf3 h6 14. d4 O-O 15. Rad1 cxd4 16. cxd4 Rfd8 17. Qc3 Ng6 18. a3 a5 19. Nh2 Qe7 20. Ng4 h5 21. Nh2 Rac8 22. d5 f6 23. Qd3 Nf8 24. Nf3 g5 25. Qe2 Qh7 26. Nd2 Nd7 27. Rc1 Kf7 28. Qf3 Ke7 29. Qf5 Qxf5 30. exf5 Kf7 31. Ne4 Be7 32. Rc2 Nb8 (32... Nc5 $1 $14 33. Bxc5 bxc5) 33. Rec1 Rxd5 34. Rxc7 Rxc7 35. Rxc7 Nd7 36. Rb7 (36. Kf1 $16) 36... Bd8 (36... Ke8 $142) 37. Kf1 Ke7 38. Nc3 Rd6 39. Ke2 Ke8 40. g3 Rc6 41. f4 (41. Kd3 $16) 41... exf4 42. gxf4 gxf4 43. Bxf4 Rc5 44. Ke3 Rxf5 45. b4 axb4 46. axb4 Ke7 $2 (46... h4 $1 $11) 47. Ke4 Ke6 48. Ne2 Rxf4+ $2 (48... Re5+ {might work better.} 49. Kd3 (49. Bxe5 fxe5 50. Nc3 Nf6+ 51. Kf3 Kf5 $18) 49... Rd5+ 50. Nd4+ Rxd4+ 51. Kxd4 f5) 49. Nxf4+ ({Less strong is} 49. Kxf4 Ne5 $18) 49... Ke7 (49... Kd6 $142 50. Nxh5 Kc6) 50. Nxh5 Ke6 51. Nf4+ Ke7 52. h4 Ke8 53. h5 Be7 54. h6 Bf8 55. h7 Bg7 56. Ng6 Kd8 57. h8=Q+ (57. Kd5 $142 Kc8 58. Ra7 Bh8 59. Nxh8 Nf8 60. Ra8+ Kc7 61. Rxf8 b5 62. Ng6 Kb6 63. Rf7 f5 64. h8=Q Ka6 65. Qf6#) 57... Bxh8 58. Nxh8 $18 (58. Kd5 $142 Ne5 59. Nxh8 Kc8 60. Rxb6 Nd3 61. b5 f5 62. Rc6+ Kb8 63. Kd4) 58... Kc8 59. Ra7 Kb8 60. Rxd7 1-0

[Event "GER-chT Youth Countries 2018"]
[Site "Wurzburg"]
[Date "2018.10.04"]
[Round "3"]
[White "Moenster, Madita"]
[Black "Hommel, Niclas"]
[Result "1-0"]
[ECO "B41"]
[WhiteElo "1817"]
[BlackElo "1915"]
[Annotator "NA RC"]
[PlyCount "79"]
[EventDate "2018.10.03"]
[EventType "team-tourn"]
[EventCountry "GER"]
[SourceTitle "playchess.com"]
[Source "ChessBase"]
[SourceQuality "1"]
[TimeControl "40/5400+30:1800+30"]

1. e4 c5 2. Nf3 e6 3. d4 cxd4 4. Nxd4 a6 5. c4 Nf6 6. Nc3 Qc7 7. a3 b6 8. Be3 Bb7 {[%emt 0:01:11] B41: Sicilian: Kan Variation: 5 c4} 9. Bd3 (9. f3 Be7 10. Be2 O-O 11. b4 d5 12. exd5 exd5 13. Nf5 dxc4 14. Qd4 Nc6 15. Qxb6 Qd7 16. Nxe7+ Nxe7 {0-1 (43) Sevian,S (2614)-Grandelius,N (2647) chess.com INT 2018}) 9... d6 10. f4 Nbd7 11. Qf3 Nc5 $146 ({Predecessor:} 11... e5 12. Nf5 g6 13. Ng3 Bg7 14. Rc1 Nc5 15. Bxc5 dxc5 {½-½ (72) Sandvik,T (2060)-Stegariu,A (2156) Groningen 2014}) 12. Bc2 g6 13. O-O Bg7 14. Rac1 O-O 15. b4 Ncd7 16. Bd3 e5 17. Nd5 Qd8 18. Nb3 Nxd5 19. cxd5 exf4 20. Bxf4 Ne5 21. Qe3 Re8 22. Rc2 Rc8 23. Rfc1 Rxc2 24. Rxc2 h5 25. Be2 b5 26. Qc1 Kh7 27. Rc7 Re7 28. Rc2 (28. Rxe7 $11 {keeps the balance.} Qxe7 29. Qc2) 28... Qe8 29. Na5 $1 Qd7 (29... Nc4 $11 30. Bxc4 bxc4 31. Nxb7 Bd4+ 32. Kf1 Rxb7 33. Rxc4 Qxe4) 30. Bg5 f6 31. Bh4 Nf7 32. Bf3 g5 33. Bf2 g4 34. Be2 Ng5 $2 {[%emt 0:00:26] [#]} ({Lieber} 34... Rxe4 $14 35. Nxb7 Qxb7) 35. Bd3 $1 Bh6 $2 (35... Kg8 36. Nxb7 Qxb7 37. Rc8+ Kf7) 36. Be3 $16 (36. e5+ $1 $18 {ist der präzise Gewinnweg.} Kg8 37. e6 Rxe6 38. dxe6 Qxe6 39. Qf1 (39. Nxb7 Nh3+ 40. gxh3 Bxc1 $18)) 36... Kg7 37. Nc6 Rf7 $2 (37... Bxc6 $16 {is a better chance.} 38. Rxc6 (38. dxc6 Qc7 $16) 38... h4 39. Rxa6 g3) 38. Nd4 Qe8 39. Nf5+ Kh7 40. Nxd6 1-0

[Event "GER-chT Youth Countries 2018"]
[Site "Wurzburg"]
[Date "2018.10.04"]
[Round "3"]
[White "Bardorz, Jana"]
[Black "Leser, Katrin"]
[Result "0-1"]
[ECO "C06"]
[WhiteElo "1810"]
[BlackElo "2018"]
[Annotator "NA RC"]
[PlyCount "118"]
[EventDate "2018.10.03"]
[EventType "team-tourn"]
[EventCountry "GER"]
[SourceTitle "playchess.com"]
[Source "ChessBase"]
[SourceQuality "1"]
[TimeControl "40/5400+30:1800+30"]

1. e4 e6 2. d4 d5 3. Nd2 Nf6 4. e5 Nfd7 5. Bd3 c5 6. c3 Nc6 7. Ne2 cxd4 8. cxd4 f6 9. exf6 Nxf6 10. Nf3 Bd6 11. O-O Qc7 12. Bg5 O-O 13. Bh4 Nh5 14. Qc2 h6 15. Bh7+ {[%emt 0:00:36] C06: French Tarrasch: 3...Nf6 4 e5 Nfd7 5 Bd3 main lines} Kh8 16. Bg6 Rxf3 (16... Nf4 17. Nxf4 Rxf4 18. Bg3 Rxf3 19. gxf3 Qe7 20. Rad1 Bd7 21. Qc3 Rf8 22. Bb1 Kg8 {1-0 (41) Artemiev,V (2653)-Onischuk,V (2615) Martuni 2016}) 17. Bxh5 Rf8 18. Bg3 e5 19. dxe5 Bxe5 {[%emt 0:01:19] [#]} 20. Qc5 $146 ({Predecessor:} 20. Rad1 Be6 21. Nd4 Nxd4 22. Qxc7 Bxc7 23. Bxc7 {1-0 (66) Burg,T (2508)-Sieciechowicz,M (2438) Erice 2014}) 20... Be6 21. Nc3 Bxg3 22. fxg3 Rxf1+ 23. Rxf1 Qd7 24. Ne2 Qe7 25. Qxe7 Nxe7 26. Nd4 Bg8 27. Bg4 Nc6 28. Nxc6 bxc6 29. Rc1 Rd8 (29... Rb8 $11 {remains equal.}) 30. Rxc6 d4 {[%emt 0:00:05] [#]} 31. Kf2 ({Better is} 31. b3 $1 $16) 31... Bxa2 32. Rc8 Rxc8 33. Bxc8 Bb1 34. Ke2 {[%emt 0:03:51] [#]} Kg8 $1 35. Ba6 {[%emt 0:01:19] [#]} Kf7 $1 36. Bd3 Ba2 37. Bb5 Ke6 38. Kd3 Ke5 39. Kd2 Bd5 40. Bf1 g5 41. h4 ({White should try} 41. b4 $1 $15) 41... Be4 42. Bb5 Bxg2 43. Ba6 Bd5 (43... gxh4 $142 44. gxh4 Be4) 44. Kd3 $2 {[%emt 0:00:00] [#]} (44. hxg5 hxg5 45. Bd3) 44... Be4+ $1 45. Kd2 gxh4 46. gxh4 Kf4 47. h5 Bf3 48. Be2 Bxe2 49. Kxe2 Kg4 50. Kd3 Kxh5 51. Kxd4 Kg4 52. b4 h5 53. Kc5 h4 54. Kb5 h3 55. Ka6 h2 56. Kxa7 h1=Q 57. b5 Qd5 58. b6 Qa5+ 59. Kb7 Kf5 0-1

[Event "GER-chT Youth Countries 2018"]
[Site "Wurzburg"]
[Date "2018.10.04"]
[Round "3"]
[White "Metzdorf, Matteo"]
[Black "Wagner, Margarethe"]
[Result "1-0"]
[ECO "B23"]
[WhiteElo "1806"]
[BlackElo "1643"]
[Annotator "NA RC"]
[PlyCount "53"]
[EventDate "2018.10.03"]
[EventType "team-tourn"]
[EventCountry "GER"]
[SourceTitle "playchess.com"]
[Source "ChessBase"]
[SourceQuality "1"]
[TimeControl "40/5400+30:1800+30"]

1. e4 c5 2. Nc3 a6 3. g3 b5 4. Bg2 Bb7 5. d3 e6 6. Nh3 Be7 {[%emt 0:02:15] B23: Closed Sicilian: Lines without g3} (6... b4 7. Ne2 d5 8. e5 Nc6 9. f4 Nh6 10. Nf2 Nf5 11. O-O Qb6 12. c3 Be7 13. g4 Nh4 14. Bh1 {0-1 (35) Yu,Y (2738)-Khismatullin,D (2639) Moscow 2017}) 7. O-O Nf6 8. e5 Nd5 $146 ({Predecessor:} 8... Bxg2 9. Kxg2 Ng8 10. Qg4 g6 11. Ne4 Qc7 12. Bf4 Nc6 13. Nf6+ Bxf6 14. exf6 {½-½ (47) Vinal Gutierrez,P (2049)-Lerendegui Lasa,O (1908) Pamplona 2016}) 9. Nxd5 Bxd5 10. Bxd5 exd5 11. Qg4 g6 12. Qf3 Nc6 13. Re1 Nd4 14. Qd1 Ne6 15. f4 Nd4 16. c3 Nf5 17. Qf3 d4 18. Nf2 O-O 19. Ne4 d5 20. exd6 Bxd6 21. g4 Ng7 22. f5 Qh4 23. Re2 gxf5 24. gxf5 ({Resist} 24. Nxd6 Qxg4+ 25. Qxg4 fxg4 $18) 24... Bc7 $18 (24... Be5 25. f6 (25. Nxc5 f6 $18) 25... Ne6) 25. Bg5 Bxh2+ 26. Rxh2 Qxh2+ 27. Kxh2 1-0

[Event "GER-chT Youth Countries 2018"]
[Site "Wurzburg"]
[Date "2018.10.04"]
[Round "3"]
[White "Glinzner, Alva"]
[Black "Lesny, Florian"]
[Result "1/2-1/2"]
[ECO "B38"]
[WhiteElo "1787"]
[BlackElo "2073"]
[Annotator "NA"]
[PlyCount "97"]
[EventDate "2018.10.03"]
[EventType "team-tourn"]
[EventCountry "GER"]
[SourceTitle "playchess.com"]
[Source "ChessBase"]
[SourceQuality "1"]
[TimeControl "40/5400+30:1800+30"]

1. e4 c5 2. Nf3 g6 3. c4 Nc6 4. d4 cxd4 5. Nxd4 Bg7 6. Be3 d6 7. Nc3 Nf6 8. Be2 O-O 9. O-O Bd7 10. Rc1 Nxd4 11. Bxd4 Bc6 12. f3 a5 13. Nd5 Nd7 {[%emt 0:02:25] B38: Sicilian: Maroczy Bind with 5...Bg7 and 7...0-0} 14. b3 (14. Bxg7 Kxg7 15. Qd4+ Kg8 16. b3 Nc5 17. f4 Bxd5 18. cxd5 Rc8 19. e5 Qb6 20. Rc4 {½-½ (20) Dreev,A (2668)-Mamedov,R (2637) Khanty-Mansiysk 2013}) 14... Nc5 15. Bxg7 Kxg7 16. Qd4+ e5 17. Qd2 Ne6 18. Nc3 $146 ({Predecessor:} 18. Rc3 Nd4 19. f4 Bxd5 20. cxd5 Qb6 21. Kh1 {1-0 (30) Ahmadi,R (1982)-Gasimov,P (2497) Urmia 2015}) 18... Nf4 19. Rcd1 Qg5 20. Bd3 f5 21. Kh1 Rad8 22. Rf2 Qe7 23. Bb1 Ne6 24. Qe3 Nc5 25. Rfd2 f4 26. Qe1 g5 27. Bc2 h5 28. a3 b6 29. b4 axb4 30. axb4 Ne6 31. Nd5 Qb7 ({But not} 31... Bxd5 $6 32. exd5 Nc7 33. Qe4 $18) 32. Nc3 Qc7 33. Bd3 Rf6 (33... Nd4 $14) 34. Qf2 (34. Nd5 $16 Bxd5 35. exd5) 34... Nd4 35. Ne2 Nxe2 36. Bxe2 Bd7 37. Ra2 (37. c5 $14) 37... Rg6 38. Rda1 Rb8 39. Bf1 (39. Ra7 $14 Qc8 40. g3) 39... g4 40. Qh4 Qd8 41. Qxd8 Rxd8 42. Ra7 gxf3 43. gxf3 Kh6 44. R1a2 Rdg8 45. Rg2 Rxg2 46. Bxg2 Be6 47. Ra6 Bxc4 48. Rxb6 $11 Kg5 49. Rc6 1/2-1/2

[Event "GER-chT Youth Countries 2018"]
[Site "Wurzburg"]
[Date "2018.10.04"]
[Round "3"]
[White "Reuter, Elisa"]
[Black "Reitz, Theresa"]
[Result "0-1"]
[ECO "B01"]
[WhiteElo "1786"]
[BlackElo "1788"]
[Annotator "NA RC"]
[PlyCount "68"]
[EventDate "2018.10.03"]
[EventType "team-tourn"]
[EventCountry "GER"]
[SourceTitle "playchess.com"]
[Source "ChessBase"]
[SourceQuality "1"]
[TimeControl "40/5400+30:1800+30"]

1. e4 d5 2. exd5 Qxd5 3. Nc3 Qd6 4. d4 Nf6 5. Nf3 a6 6. h3 b5 7. a4 b4 8. Ne2 a5 9. Bf4 Qd8 10. Ng3 Bb7 11. Be2 e6 12. O-O Be7 13. Ne5 O-O 14. Bf3 Nd5 15. Bc1 c5 16. dxc5 Bxc5 17. Ne4 Ba7 18. Nd3 Qc7 19. Bd2 Ba6 20. Be2 h6 21. Ne1 f5 22. Bxa6 Nxa6 23. Ng3 Qxg3 24. Qe2 Qd6 25. Nd3 Rac8 26. Rac1 Rfd8 27. Ne5 Nc5 28. Nf3 Ne4 29. Kh1 Qc5 30. Kh2 Qc7+ 31. Kh1 Qb6 32. Kh2 Rd6 33. Ne5 Qd4 34. Nd3 Rdc6 0-1